 Dungeon Sprint DCSS version 0.30.1-4-g462c640d31 (webtiles) character file.

Game seed: 16331179158236135168

26 Heoruswealwe the Charlatan (level 2, 14/14 HPs)
             Began as a Spriggan Artificer on Aug 30, 2023.
             Got out of the dungeon alive.
             The game lasted 00:00:26 (28 turns).

Heoruswealwe the Charlatan (Spriggan Artificer)       Turns: 28, Time: 00:00:26

Health: 14/14      AC:  2    Str:  8    XL:     2   Next: 89%
Magic:  3/3        EV: 19    Int: 12    God:
Gold:   0          SH:  0    Dex: 15    Spells: 1/1 levels left

rFire   . . .        a - +0 club
rCold   . . .        (no shield)
rNeg    . . .        b - +0 robe
rPois   .            (helmet restricted)
rElec   .            (no cloak)
rCorr   .            (gloves unavailable)
SInv    +            (boots unavailable)
Will    .....        (no amulet)
Stlth   ++           (no ring)
HPRegen 0.22/turn    (no ring)
MPRegen 0.08/turn

%: no teleportation
@: very quick
A: very small, no large weapons, unfitting armour, see invisible, speed 3
a: no special abilities


You escaped.
You visited 1 branch

Inventory:

Hand Weapons
 a - a +0 club (weapon)
Armour
 b - a +0 robe (worn)
Wands
 c - a wand of flame (15) (quivered)
 d - a wand of charming (15)
 e - a wand of iceblast (5)
 l - a wand of polymorph (4)
Scrolls
 k - a scroll of blinking
Potions
 f - a potion of curing
 g - a potion of heal wounds
 h - a potion of haste
 i - 2 potions of magic
 j - a potion of berserk rage


   Skills:
 + Level 0.7 Fighting
 + Level 5.2 Dodging
 + Level 2.6 Stealth
 + Level 1.1 Unarmed Combat
 + Level 7.0 Evocations


You had one spell level left.
You didn't know any spells.
Your spell library was empty.

Dungeon Overview and Level Annotations

Branches:
Dungeon (1/1)

Altars:


Innate Abilities, Weirdness & Mutations

You are very small and have problems with some larger weapons.
You are too small for most types of armour.
You have supernaturally acute eyesight. (SInv)
You cover ground extremely quickly. (Speed+++)


Message History

Ijyb is moderately wounded.
Ijyb hits you with a +0 dagger.
You release spores at Ijyb.
Ijyb is heavily wounded.
You catch the helpless Ijyb completely off-guard!
You release spores at Ijyb but do no damage.
Ijyb is heavily wounded.
You release spores at Ijyb but do no damage.
Ijyb appears confused.
Ijyb is heavily wounded.
Ijyb closely misses you.
Ijyb hits herself but does no damage.
You release spores at Ijyb.
Ijyb appears confused.
Ijyb is heavily wounded.
Your transformation is almost over.
You release spores at Ijyb.
Ijyb appears confused.
Ijyb is severely wounded.
Ijyb closely misses you.
You release spores at Ijyb but do no damage.
Ijyb is severely wounded.
You release spores at Ijyb.
Ijyb appears confused.
Ijyb is severely wounded.
You completely miss Ijyb.
Ijyb is severely wounded.
Ijyb misses you.
You release spores at Ijyb.
You kill Ijyb!
Your Dodging skill gained 2 levels and is now at level 5!
Your Stealth skill increases to level 2!
Your Unarmed Combat skill increases to level 1!
Your Evocations skill gained 3 levels and is now at level 7!
You have reached level 2!
l - a wand of polymorph (4)
Things that are here:
a +0 dagger; a +0 scale mail
There is an open door, spattered with blood here.
You stop sporulating.
Your +0 club unmelds from your body.
Your +0 robe unmelds from your body.
There is a staircase leading out of the dungeon here.
Are you sure you want to leave the Dungeon?
This will make you lose the game!
You have escaped!

#######
#@.#).+
#..'..#
#..####
#..#
#..#
#..#
#⌠⌠#
####


There were no monsters in sight!

Vanquished Creatures
  Ijyb (D)
1 creature vanquished.

Notes
Turn   | Place    | Note
-------+----------+-------------------------------------------
     0 | D        | Heoruswealwe the Spriggan Artificer began the quest for the
                  | Orb.
     0 | D        | Reached XP level 1. HP: 9/9 MP: 2/2
     1 | D        | Noticed Ijyb
    21 | D        | Killed Ijyb
    22 | D        | Reached skill level 5 in Dodging
    22 | D        | Reached skill level 1 in Unarmed Combat
    22 | D        | Reached skill level 7 in Evocations
    22 | D        | Reached XP level 2. HP: 14/14 MP: 3/3
    28 | D        | Got out of the dungeon alive.

Illustrated notes

Levels and vault maps discovered:
D:        dungeon_sprint_1 [red_sonja_temple_1, red_sonja_temple_small_1]

Skill      XL: |  1 |
---------------+----+-----
Dodging        | 5 |  5.2
Stealth        | 2 |  2.6
Unarmed Combat | 1 |  1.1
Evocations     | 7 |  7.0
Fighting       | |  0.7

Action                     || total
---------------------------++-------
  Melee: Unarmed           ||    16
   Stab: Confused          ||     2
 Armour: Skin              ||     1
  Dodge: Dodged            ||     5
